 Dungeon Crawl Stone Soup version 0.28.0-1-gb440e238dd (webtiles) character file.

Game seed: 6720275898519921401

553 Ablot the Grasshopper (level 7, 0/56 HPs)
             Began as a Gnoll Warper on Feb 25, 2022.
             Slain by a rat (2 damage)
             ... summoned by Eustachio
             ... on level 5 of the Dungeon.
             The game lasted 00:07:58 (6617 turns).

Ablot the Grasshopper (Gnoll Warper)                Turns: 6617, Time: 00:07:59

Health: 0/56       AC:  3    Str: 13    XL:     7   Next: 29%
Magic:  13/15      EV: 17    Int: 14    God:
Gold:   136        SH:  0    Dex: 11    Spells: 12/17 levels left

rFire   . . .      SeeInvis .   a - +0 trident
rCold   + + .      Faith    .   (no shield)
rNeg    . . .      Spirit   .   w - +0 leather armour of Understanding {rC+ Int+2}
rPois   .          Reflect  .   (no helmet)
rElec   .          Harm     .   l - scarf {repulsion}
rCorr   .          Rampage  .   (no gloves)
Will    .....                   (no boots)
Stlth   ++........              u - amulet of the acrobat
HPRegen 0.18/turn               r - ring of protection from cold
MPRegen 0.14/turn               s - +4 ring of evasion

@: repel missiles
A: fangs 1, strong nose, distributed training
a: no special abilities


You were on level 5 of the Dungeon.
You visited 1 branch of the dungeon, and saw 6 of its levels.

You collected 269 gold pieces.
You spent 133 gold pieces at shops.

Inventory:

Hand Weapons
 a - a +0 trident (weapon)
Missiles
 d - 5 boomerangs of dispersal (quivered)
 f - 128 stones
 j - 28 arrows
 p - 2 datura-tipped darts
 q - 5 boomerangs
Armour
 l - a scarf of repulsion (worn)
 w - the +0 leather armour of Understanding (worn) {rC+ Int+2}
   (You bought it in a shop on level 1 of the Dungeon)

   Int:       It affects your intelligence (+2).
   rC:        It protects you from cold.
Jewellery
 r - a ring of protection from cold (left hand)
 s - a +4 ring of evasion (right hand)
 t - a ring of fire
 u - an amulet of the acrobat (around neck)
Wands
 x - a wand of iceblast (2)
 y - a wand of paralysis (9)
Scrolls
 c - a scroll of blinking
 e - 2 scrolls of teleportation {unknown}
 g - a scroll of enchant weapon {unknown}
 h - 3 scrolls of identify {unknown}
 n - 2 scrolls of immolation {unknown}
 o - a scroll of amnesia {unknown}
 v - a scroll of enchant armour {unknown}
Potions
 b - 2 potions of brilliance {unknown}
 i - 5 potions of curing {unknown}
 k - 2 potions of degeneration {unknown}
 m - 2 potions of lignification {unknown}


   Skills:
 + Level 5.2 Fighting
 + Level 2.4 Short Blades
 + Level 2.4 Long Blades
 + Level 2.4 Axes
 + Level 2.4 Maces & Flails
 + Level 5.2 Polearms
 + Level 2.4 Staves
 + Level 2.4 Slings
 + Level 2.4 Bows
 + Level 2.4 Crossbows
 + Level 3.5 Throwing
 + Level 3.5 Armour
 + Level 5.2 Dodging
 + Level 2.4 Stealth
 + Level 2.4 Shields
 + Level 2.4 Unarmed Combat
 + Level 5.6 Spellcasting
 + Level 2.0 Conjurations
 + Level 2.0 Hexes
 + Level 2.0 Summonings
 + Level 2.0 Necromancy
 + Level 5.8 Translocations
 + Level 2.0 Transmutations
 + Level 2.0 Fire Magic
 + Level 2.0 Ice Magic
 + Level 2.0 Air Magic
 + Level 2.0 Earth Magic
 + Level 2.0 Poison Magic
 + Level 2.6 Invocations
 + Level 2.4 Evocations


You had 12 spell levels left.
You knew the following spells:

 Your Spells              Type           Power      Damage    Failure   Level
a - Blink                 Tloc           40%        N/A       2%          2
b - Ensorcelled Hibernat  Hex/Ice        18%        N/A       14%         2
c - Freeze                Ice            36%        1d6       9%          1

Your spell library contained the following spells:

 Spells                   Type           Power      Damage    Failure   Level
 Gell's Gravitas          Tloc           20%        N/A       5%          3
 Lesser Beckoning         Tloc           20%        N/A       5%          3
 Teleport Other           Tloc           20%        N/A       5%          3
 Frozen Ramparts          Ice            18%        1d3       26%         3
 Spider Form              Tmut/Pois      9%         N/A       26%         3
 Manifold Assault         Tloc           20%        N/A       45%         5
 Anguish                  Hex/Necr       4%         N/A       65%         4
 Animate Dead             Necr           4%         N/A       65%         4
 Hailstorm                Conj/Ice       9%         3d4       65%         4
 Haunt                    Necr/Summ      4%         N/A       100%        7
 Malign Gateway           Summ/Tloc      7%         N/A       100%        7
 Infestation              Necr           4%         N/A       100%        8
 Summon Horrible Things   Summ           4%         N/A       100%        8


Dungeon Overview and Level Annotations

Branches:
Dungeon (6/15)
 Temple: D:4-7

Altars:
Wu Jian

Shops:
D:1 [=((   D:2 (

Annotations:
D:5 Eustachio


Innate Abilities, Weirdness & Mutations

You have very sharp teeth.
Your uncanny sense of smell can sniff out nearby items.
Your experience applies equally to all skills.


Message History

Eustachio is heavily wounded.
The ufetubus hits you. The ufetubus misses you. Eustachio misses you.
The iron imp barely misses you. The ufetubus misses you. The ufetubus hits you.
The rat completely misses you. Eustachio closely misses you.
You hit Eustachio. Your bite misses Eustachio.
Eustachio is heavily wounded.
The ufetubus misses you. x2; The iron imp hits you.
Eustachio hits you with a +1 rapier of speed!
The rat closely misses you.
You miss Eustachio.
Eustachio is heavily wounded.
The ufetubus completely misses you. The ufetubus misses you.
Eustachio hits you with a +1 rapier of speed!
The iron imp shouts, "Away with thee, thou defiled milk-livered prigger-of-prances!"
The iron imp closely misses you. The ufetubus completely misses you. x2
The rat misses you.
Eustachio hits you with a +1 rapier of speed.
You hit Eustachio.
Eustachio is severely wounded.
The ufetubus completely misses you. The ufetubus barely misses you.
Eustachio hits you with a +1 rapier of speed.
The rat closely misses you. The iron imp closely misses you.
You hit Eustachio.
Eustachio is severely wounded.
The ufetubus barely misses you.
The ufetubus hits you but does no damage.
Eustachio hits you with a +1 rapier of speed!
* * * LOW HITPOINT WARNING * * *
The ufetubus misses you. The ufetubus completely misses you.
The rat completely misses you.
Eustachio hits you with a +1 rapier of speed.
* * * LOW HITPOINT WARNING * * *
The iron imp closely misses you.
You barely miss Eustachio. You bite Eustachio.
Eustachio is almost dead.
The ufetubus barely misses you. x2
Eustachio hits you with a +1 rapier of speed!
* * * LOW HITPOINT WARNING * * *
The rat bites you.
You die...

## # # ####. ### .###
#.##.##. #.. ...
#.#..... #.#..#
#.......
#.###r#..##.###.#...#.
#.5b@55...............
#@# ######..### #r#
#..# #.# #..### #.#
##..r.5 #.####
##....r# #.##.##
##...<[..
#.#...####.....5..
#........+........
#.#...####........


You could see Eustachio, an iron imp (summoned), 2 ufetubi, a bat (summoned) and
2 rats.

Vanquished Creatures
  An ogre (D:5)
  2 phantoms
  A howler monkey (D:4)
  A bullfrog zombie (D:5)
  A hound (D:4)
  A bullfrog skeleton (D:5)
  2 iguanas (D:5)
  A hound zombie (D:5)
  4 adders
  A shadow imp (D:5)
  A white imp (D:5)
  2 worms
  6 dart slugs
  2 orcs
  3 giant cockroaches
  6 goblins
  2 hobgoblins
  3 jackals (D:3)
  3 quokkas
  5 ball pythons
  2 bats
  5 frilled lizards
  10 kobolds
  3 rats
68 creatures vanquished.

Vanquished Creatures (others)
  An orc (D:5)
1 creature vanquished.

Grand Total: 69 creatures vanquished

Notes
Turn   | Place    | Note
-------+----------+-------------------------------------------
     0 | D:1      | Ablot the Gnoll Warper began the quest for the Orb.
     0 | D:1      | Reached XP level 1. HP: 20/20 MP: 6/6
   341 | D:1      | Found Suist's Antique Armour Emporium.
   389 | D:1      | Found Taqeq's Jewellery Shoppe.
   487 | D:1      | Found Mumaeh's Weapon Boutique.
   496 | D:1      | Reached XP level 2. HP: 24/26 MP: 7/7
   884 | D:1      | Found Serurit's Weapon Boutique.
  1503 | D:2      | Reached skill level 5 in Spellcasting
  1503 | D:2      | Reached XP level 3. HP: 31/31 MP: 7/9
  1545 | D:2      | Reached skill level 1 in Invocations
  1684 | D:2      | Found Cirestee's Weapon Shop.
  2084 | D:2      | Reached skill level 1 in Short Blades
  2084 | D:2      | Reached skill level 1 in Long Blades
  2084 | D:2      | Reached skill level 1 in Axes
  2084 | D:2      | Reached skill level 1 in Maces & Flails
  2084 | D:2      | Reached skill level 1 in Staves
  2084 | D:2      | Reached skill level 1 in Slings
  2084 | D:2      | Reached skill level 1 in Bows
  2084 | D:2      | Reached skill level 1 in Crossbows
  2084 | D:2      | Reached skill level 1 in Stealth
  2084 | D:2      | Reached skill level 1 in Shields
  2084 | D:2      | Reached skill level 1 in Unarmed Combat
  2084 | D:2      | Reached skill level 1 in Evocations
  2335 | D:2      | Found a faded altar of an unknown god.
  2661 | D:3      | Reached XP level 4. HP: 38/38 MP: 11/11
  2664 | D:3      | Learned a level 2 spell: Blink
  3576 | D:4      | Reached skill level 1 in Conjurations
  3576 | D:4      | Reached skill level 1 in Hexes
  3576 | D:4      | Reached skill level 1 in Summonings
  3576 | D:4      | Reached skill level 1 in Necromancy
  3576 | D:4      | Reached skill level 1 in Transmutations
  3576 | D:4      | Reached skill level 1 in Fire Magic
  3576 | D:4      | Reached skill level 1 in Ice Magic
  3576 | D:4      | Reached skill level 1 in Air Magic
  3576 | D:4      | Reached skill level 1 in Earth Magic
  3576 | D:4      | Reached skill level 1 in Poison Magic
  3576 | D:4      | Reached XP level 5. HP: 29/43 MP: 12/12
  3995 | D:4      | Found an ornate altar of the Wu Jian Council.
  4204 | D:5      | Entered Level 5 of the Dungeon
  4390 | D:1      | Bought a smoking leather armour for 133 gold pieces
  4390 | D:1      | Identified the +0 leather armour of Understanding {rC+
                  | Int+2} (You bought it in a shop on level 1 of the Dungeon)
  4517 | D:5      | Reached XP level 6. HP: 14/50 MP: 13/13
  5219 | D:5      | Noticed Eustachio
  5488 | D:6      | Reached skill level 5 in Fighting
  5488 | D:6      | Reached skill level 5 in Polearms
  5488 | D:6      | Reached skill level 5 in Dodging
  6154 | D:5      | Reached XP level 7. HP: 17/56 MP: 15/15
  6373 | D:5      | Learned a level 2 spell: Ensorcelled Hibernation
  6460 | D:5      | Learned a level 1 spell: Freeze
  6617 | D:5      | HP: 2/56 [Eustachio (7)]
  6617 | D:5      | Slain by a rat

Illustrated notes

Levels and vault maps discovered:
D:1:      dpeg_chamrin_arrival_tetris, layout_basic, serial_shops, shop,
          nicolae_shop_bloodbath_and_beyond, shop, nicolae_shop_crystal
D:2:      layout_basic, serial_shops, nicolae_shop_statue_plus,
          shapermc_ecumenical_altar_mp_vishouse, chequers_serial_rivers_micro_c,
          minmay_misc_feat_x, st_stairs_10
D:3:      layout_loops_ring, minmay_misc_feat_four_crosses
D:4:      layout_basic, mainiacjoe_overflow_alcove_4
D:5:      layout_loops_corners, hangedman_decor_clover_reticule, uniq_eustachio
D:6:      layout_rooms

Skill      XL: |  1  2  3  4  5  6  7 |
---------------+----------------------+-----
Spellcasting   | 5 |  5.6
Invocations    | 1 2 |  2.6
Short Blades   | 1 2 |  2.4
Long Blades    | 1 2 |  2.4
Axes           | 1 2 |  2.4
Maces & Flails | 1 2 |  2.4
Staves         | 1 2 |  2.4
Slings         | 1 2 |  2.4
Bows           | 1 2 |  2.4
Crossbows      | 1 2 |  2.4
Stealth        | 1 2 |  2.4
Shields        | 1 2 |  2.4
Unarmed Combat | 1 2 |  2.4
Evocations     | 1 2 |  2.4
Conjurations   | 1 2 |  2.0
Hexes          | 1 2 |  2.0
Summonings     | 1 2 |  2.0
Necromancy     | 1 2 |  2.0
Transmutations | 1 2 |  2.0
Fire Magic     | 1 2 |  2.0
Ice Magic      | 1 2 |  2.0
Air Magic      | 1 2 |  2.0
Earth Magic    | 1 2 |  2.0
Poison Magic   | 1 2 |  2.0
Throwing       | 3 |  3.5
Armour         | 3 |  3.5
Fighting       | 5 |  5.2
Polearms       | 5 |  5.2
Dodging        | 5 |  5.2
Translocations | |  5.8

Action                   |  1- 3 |  4- 6 |  7- 9 || total
-------------------------+-------+-------+-------++-------
Melee: Spear             |   134 |   222 |       ||   356
       Bite              |    10 |    40 |     3 ||    53
       Punch             |     3 |     2 |     2 ||     7
       Trident           |       |    60 |    39 ||    99
 Cast: Ensorcelled Hiber |       |       |     2 ||     2
 Stab: Sleeping          |     2 |     2 |     1 ||     5
       Distracted        |       |     2 |       ||     2
Armor: Leather armour    |    28 |    30 |     6 ||    64
Dodge: Dodged            |    54 |   199 |    49 ||   302
       Repelled          |       |     4 |       ||     4
